Cogmind - Beta 10.2 @@@ ROGUE MODE // 2021.01.07 @ 14:19:36 Player: Demise Result: Destroyed by H-55 Commando with Gauss Rifle Performance ------------- Evolutions (1) 500 Regions Visited (5) 1000 Robots Destroyed (69) 345 Value Destroyed (1688) 1688 Prototype IDs (43) 860 Alien Tech Used (0) 0 Bonus (165) 165 TOTAL SCORE: 4558 Bonus ------- High Alert Combat Kills 30 Follower Combat Kills 25 Aligned with FarCom 300 Friendly Fire -190 Cogmind --------- Core Integrity 0/400 Matter 258/300 Energy 247/265 System Corruption 2% Temperature Cool (0) Movement Treading (240) Ox4 Location -9/Exiles Parts ------- > --- POWER (1) -------- Improved Ion Engine > --- PROPULSION (2) --- Light Treads > --- UTILITY (4) ------ Large Storage Unit Large Storage Unit High-capacity Storage Unit Armor Integrity Analyzer > --- WEAPON (2) ------- Latent Energy Streamer Autogun > --- INVENTORY (24) --- Large Storage Unit Large Storage Unit Large Storage Unit Large Storage Unit High-capacity Matter Pod (53) Experimental Sensor Array Signal Interpreter Salvage Targeting Computer Armor Integrity Analyzer Cloak of Protection Core Shielding Improved Light Armor Plating Improved Light Armor Plating Improved Light Armor Plating Shock Rifle Heavy Assault Rifle Heavy Assault Rifle Heavy Assault Rifle Heavy Assault Rifle Improved Assault Rifle Rocket Launcher Datajack Mining Laser Peak State ------------ > --- POWER ------------ Improved Ion Engine > --- PROPULSION ------- Light Treads > --- UTILITY ---------- Large Storage Unit Large Storage Unit High-capacity Storage Unit Armor Integrity Analyzer > --- WEAPON ----------- Latent Energy Streamer Autogun > --- INVENTORY -------- Large Storage Unit Large Storage Unit Large Storage Unit Large Storage Unit High-capacity Matter Pod Experimental Sensor Array Signal Interpreter Salvage Targeting Computer Armor Integrity Analyzer Cloak of Protection Core Shielding Improved Light Armor Plating Improved Light Armor Plating Improved Light Armor Plating Shock Rifle Heavy Assault Rifle Heavy Assault Rifle Heavy Assault Rifle Heavy Assault Rifle Improved Assault Rifle Rocket Launcher Datajack Mining Laser [Rating: 25] Favorites ----------- Power Improved Ion Engine Engine Improved Ion Engine Propulsion Light Treads Treads Light Treads Utility Large Storage Unit Device Tractor Beam Storage Large Storage Unit Processor Signal Interpreter Hackware Hacking Suite Protection Improved Light Armor Plating Weapon Heavy Assault Rifle Energy Gun EM Pulse Gun Energy Cannon Advanced Beam Cannon Ballistic Gun Heavy Assault Rifle Launcher Rocket Launcher Special Weapon Mining Laser Special Melee Weapon Datajack Build | -11 -10 -10 -9 -9 -9 ------- Run | Scr Mat Min Mat Min Exi Slots Evolved 2 | . . . 2 . . Power . | . . . . . . Propulsion . | . . . . . . Utility 2 | . . . 2 . . Weapon . | . . . . . . Parts Attached 97 | 7 12 8 56 3 11 Power 12 | 1 1 2 7 . 1 Engine 12 | 1 1 2 7 . 1 Core . | . . . . . . Reactor . | . . . . . . Propulsion 15 | 2 1 2 8 . 2 Treads 15 | 2 1 2 8 . 2 Leg . | . . . . . . Wheel . | . . . . . . Hover . | . . . . . . Flight . | . . . . . . Utility 25 | 2 6 . 13 1 3 Device 3 | 1 . . 2 . . Storage 9 | 1 4 . 2 . 2 Processor 3 | . 1 . 1 . 1 Hackware 1 | . 1 . . . . Protection 9 | . . . 8 1 . Artifact . | . . . . . . Weapon 45 | 2 4 4 28 2 5 Energy Gun 9 | 1 2 1 5 . . Energy Cannon 2 | . . . 1 . 1 Ballistic Gun 24 | 1 1 3 15 1 3 Ballistic Cannon . | . . . . . . Launcher 1 | . . . . 1 . Special Weapon 8 | . 1 . 7 . . Impact Weapon . | . . . . . . Slashing Weapon . | . . . . . . Piercing Weapon . | . . . . . . Special Melee Weapon 1 | . . . . . 1 Unidentified Prototypes 7 | . . . 7 . . Parts Lost 11 | . 1 4 1 . 5 Power 2 | . . 1 . . 1 Propulsion 4 | . . 1 . . 3 Utility . | . . . . . . Weapon 5 | . 1 2 1 . 1 Highest Loss Streak 3 | . 1 2 1 . 3 Average Slot Usage (%) 99 | . 99 100 99 100 97 Engine 11 | . 14 14 10 11 11 Treads 23 | . 28 28 22 22 19 Storage 28 | . 25 28 24 33 35 Processor 1 | . . . 2 2 2 Protection 8 | . . . 16 8 5 Energy Gun 5 | . 20 5 2 . . Ballistic Gun 16 | . 5 22 16 21 14 Special Melee Weapon 1 | . . . . . 7 Naked Turns . | . . . . . . Heaviest Build 93 | 11 41 47 61 64 93 Greatest Support 40 | 40 40 40 40 40 40 Greatest Overweight (x) 3 | 1 1 1 1 1 3 Average Overweight (x) . | . . . 1 1 1 Largest Inventory Capacity 30 | 6 16 16 22 22 30 Average Capacity 18 | 4 14 16 17 22 25 Most Carried 29 | 5 16 16 22 22 29 Average Carried 17 | 3 11 15 16 21 22 Final Capacity 24 | 6 16 16 22 22 24 Final Carried 23 | 5 16 16 22 21 23 Class Distribution -------------------- 37% | Hauler-Mutant 35% | Scavenger-Mutant 27% | Mutant Dominant Class ---------------- Mutant | -10/Materials Mutant | -10/Mines Scavenger-Mutant | -9/Materials Hauler-Mutant | -9/Mines Hauler-Mutant | -9/Exiles Resources | -11 -10 -10 -9 -9 -9 ----------- Run | Scr Mat Min Mat Min Exi Matter Collected 2418 | 340 391 186 1053 89 359 Remotely 184 | 164 20 . . . . Salvage Created 2650 | 197 414 307 1504 119 109 Parts 165 | 16 26 21 92 8 2 Haulers Intercepted 5 | . 1 . 4 . . Recyclers Shooed 2 | . 1 . 1 . . Parts Field Recycled . | . . . . . . Retrieved Matter . | . . . . . . Parts Self-Destructed . | . . . . . . Prevented . | . . . . . . Kills | -11 -10 -10 -9 -9 -9 ------- Run | Scr Mat Min Mat Min Exi Combat Hostiles Destroyed 48 | . 5 11 27 3 2 Guns 45 | . 4 11 27 1 2 AOE 3 | . 1 . . 2 . Classes Destroyed 14 | 3 4 3 3 . 1 Worker 2 | 1 . . . 1 . Builder 2 | . . . 2 . . Tunneler 6 | 4 1 1 . . . Hauler 5 | . 1 . 4 . . Recycler 3 | 1 . . 1 1 . Operator 2 | . 1 . 1 . . Watcher 6 | . 2 . 4 . . Swarmer 7 | . . . 4 3 . Grunt 21 | . 6 2 13 . . Duelist 1 | . . . 1 . . Sentry 11 | . . 2 9 . . Demolisher 1 | . . 1 . . . Programmer 1 | . . . . . 1 Assembled 6 | . . 6 . . . Best Kill Streak 8 | 5 3 6 8 3 1 Combat Bots Only 8 | . 2 6 8 3 1 Max Kills in Single Turn 2 | 1 2 1 1 2 1 Gunslinging . | . . . . . . Exploded 2 | . 1 . . 2 . Melee . | . . . . . . Uniques/NPCs Destroyed 1 | . . . . . 1 8R-AWN (-9/Exiles) Combat | -11 -10 -10 -9 -9 -9 -------- Run | Scr Mat Min Mat Min Exi Damage Taken 3358 | 32 372 629 1376 75 874 Core 631 | . 80 138 170 18 225 Absorbed by Shields . | . . . . . . Core Remaining (%) 56 | 100 . 12 . . . Volleys Fired 256 | 17 37 27 128 9 38 Largest 2 | 2 2 2 2 2 2 Hottest 100 | 60 100 98 100 46 46 Shots Fired 461 | 34 59 52 223 17 76 Gun 426 | 34 53 52 195 16 76 Cannon . | . . . . . . Launcher 1 | . . . . 1 . Special 34 | . 6 . 28 . . Kinetic 330 | 17 8 47 166 16 76 Thermal 65 | . 6 2 57 . . Explosive 1 | . . . . 1 . Electromagnetic 65 | 17 45 3 . . . Robot Hit Streak 27 | 11 12 9 27 8 13 Robot Miss Streak 5 | 2 3 2 5 1 3 Penetration Max . | . . . . . . Secondary Targets 6 | . . 4 2 . . Max Gunslinging Chain 1 | . . 1 1 . . Shots Hit Robots 306 | 22 34 36 138 11 65 Core Hits 130 | 9 19 24 55 7 16 Critical Hits 3 | . . . 2 . 1 Critical Kills . | . . . . . . Critical Parts Destroyed 2 | . . . 2 . . Melee Attacks 4 | . . . . . 4 Impact . | . . . . . . Slashing . | . . . . . . Piercing . | . . . . . . Sneak Attacks 4 | . . . . . 4 Combat Hostiles . | . . . . . . Follow-up Attacks . | . . . . . . Damage Inflicted 5133 | 256 731 468 2511 248 919 Guns 4661 | 226 479 468 2463 106 919 Cannons . | . . . . . . Explosions 424 | 30 252 . . 142 . Melee . | . . . . . . Ramming . | . . . . . . Kinetic 3471 | 69 43 387 1947 106 919 Thermal 886 | 30 252 40 564 . . Explosive 142 | . . . . 142 . Electromagnetic 634 | 157 436 41 . . . Impact . | . . . . . . Slashing . | . . . . . . Piercing . | . . . . . . Highest Corruption 2 | . . . 1 1 2 Average Corruption 1 | . . . 1 1 1 Corruption Purged . | . . . . . . Effects 11 | . . . 5 4 2 Message Errors 6 | . . . 3 2 1 Energy Discharges 3 | . . . 1 1 1 Targeting Errors 2 | . . . 1 1 . Overload Shots . | . . . . . . Overflow Damage . | . . . . . . Projectiles . | . . . . . . Explosions . | . . . . . . Melee . | . . . . . . Knockbacks . | . . . . . . Impact . | . . . . . . Kinetic . | . . . . . . Secondary . | . . . . . . Self-Inflicted Damage 48 | 33 15 . . . . Shots 2 | 1 1 . . . . Rammed . | . . . . . . Targets Rammed . | . . . . . . Kicked . | . . . . . . Crushed . | . . . . . . Highest Temperature 384 | 72 163 78 384 . 4 Average Temperature 47 | 26 54 21 57 . 1 Received Heat Transfer 861 | . 186 204 471 . . Effects 4 | . . . 4 . . Shutdowns 1 | . . . 1 . . Energy Bleed 1 | . . . 1 . . Interference 2 | . . . 2 . . Siege Activations . | . . . . . . Robots Corrupted 1 | . 1 . . . . Combat Hostiles . | . . . . . . Parts Fried 1 | . 1 . . . . Impact Corruptions . | . . . . . . Robots Melted . | . . . . . . Combat Hostiles . | . . . . . . Parts Melted . | . . . . . . Heat Transferred 1425 | 50 350 74 951 . . Parts Sabotaged . | . . . . . . Parts Stolen . | . . . . . . Parts Stripped . | . . . . . . Power Chain Reactions 5 | 1 4 . . . . Missiles Intercepted . | . . . . . . Alert | -11 -10 -10 -9 -9 -9 ------- Run | Scr Mat Min Mat Min Exi Peak Influence 475 | 30 178 75 475 165 . Initial 165 | . 19 5 . 165 . Average 149 | 13 63 24 272 88 . Maximum Alert Level 2 | . . . 2 . . Low Security (%) 71 | 100 100 100 33 100 . Level 1 16 | . . . 38 . . Level 2 11 | . . . 27 . . Level 3 . | . . . . . . Level 4 . | . . . . . . Level 5 . | . . . . . . High Security . | . . . . . . Max Security . | . . . . . . Squads Dispatched 5 | . 2 . 3 . . Investigation 2 | . 1 . 1 . . Extermination . | . . . . . . Reinforcement 2 | . 1 . 1 . . Assault 1 | . . . 1 . . Garrison . | . . . . . . Intercept . | . . . . . . Construction Impeded . | . . . . . . Haulers Reinforced . | . . . . . . Stealth | -11 -10 -10 -9 -9 -9 --------- Run | Scr Mat Min Mat Min Exi Distress Signals 3 | . . . 3 . . Communications Jammed . | . . . . . . Distress Signals . | . . . . . . Times Spotted 78 | . 11 12 43 3 9 Peak Tracking Total 13 | . 2 7 6 3 13 Tactical Retreats 3 | . 1 . 2 . . Traps | -11 -10 -10 -9 -9 -9 ------- Run | Scr Mat Min Mat Min Exi Traps Triggered 4 | . 2 . 2 . . Indirectly . | . . . . . . Trap Hack Attempts . | . . . . . . Triggered . | . . . . . . Disarmed . | . . . . . . Reprogrammed . | . . . . . . Reused . | . . . . . . Traps Extracted . | . . . . . . Installed . | . . . . . . Triggered . | . . . . . . Exploded 2 | . . . . . 2 Machines | -11 -10 -10 -9 -9 -9 ---------- Run | Scr Mat Min Mat Min Exi Machines Disabled 3 | . 2 1 . . . Max in Single Turn 1 | . 1 1 . . . Machines Sabotaged . | . . . . . . Garrisons Compromised . | . . . . . . Overloaded Fab Kills . | . . . . . . Fab Network Shutdowns . | . . . . . . Hacking | -11 -10 -10 -9 -9 -9 --------- Run | Scr Mat Min Mat Min Exi Machines Accessed 24 | . 9 . 13 . 2 Terminals 15 | . 6 . 9 . . Fabricators . | . . . . . . Repair Stations 2 | . 1 . 1 . . Recycling Units 4 | . 2 . 2 . . Scanalyzers 1 | . . . 1 . . Garrison Access . | . . . . . . Total Hacks 72 | . 28 . 42 . 2 Successful 45 | . 19 . 24 . 2 Failed 25 | . 8 . 17 . . Catastrophic 4 | . . . 4 . . Database Lockouts 2 | . 1 . 1 . . Manual 46 | . 14 . 31 . 1 Terminals 48 | . 16 . 32 . . Fabricators . | . . . . . . Repair Stations 10 | . 7 . 3 . . Recycling Units 10 | . 5 . 5 . . Scanalyzers 2 | . . . 2 . . Garrison Access . | . . . . . . Terminal Hacks 13 | . 5 . 6 . 2 Record 1 | . . . . . 1 Part Schematic 1 | . . . 1 . . Robot Analysis 5 | . 3 . 2 . . Branch Access Points 2 | . 1 . 1 . . Locate Traps 1 | . 1 . . . . Hauler Manifests 1 | . . . 1 . . Zone Layout 1 | . . . 1 . . EX-Prototype ID Bank 1 | . . . . . 1 Fabricator Hacks . | . . . . . . Repair Station Hacks 7 | . 5 . 2 . . Scan Component 4 | . 3 . 1 . . Repair 3 | . 2 . 1 . . Recycling Unit Hacks 4 | . 2 . 2 . . Retrieve Components 4 | . 2 . 2 . . Scanalyzer 2 | . . . 2 . . Insert Component 1 | . . . 1 . . Analyze 1 | . . . 1 . . Garrison Access Hacks . | . . . . . . Unauthorized Hacks 19 | . 7 . 12 . . Terminals 16 | . 6 . 10 . . Track 1 | . . . 1 . . Assimilate 2 | . . . 2 . . Botnet 10 | . 5 . 5 . . Operators 3 | . 1 . 2 . . Fabricators . | . . . . . . Repair Stations . | . . . . . . Recycling Units 3 | . 1 . 2 . . Reject 2 | . 1 . 1 . . Mask 1 | . . . 1 . . Scanalyzers . | . . . . . . Garrison Access . | . . . . . . Data Cores Recovered . | . . . . . . Used . | . . . . . . Hacking Detections 19 | . 9 . 10 . . Full Trace Events 4 | . 1 . 3 . . Feedback Events 1 | . . . 1 . . Corruption 1 | . . . 1 . . Feedback Blocked . | . . . . . . Robot Schematics Acquired . | . . . . . . Robots Built . | . . . . . . Matter . | . . . . . . Time . | . . . . . . Total Robot Build Rating . | . . . . . . Part Schematics Acquired 2 | . . . 2 . . Parts Built . | . . . . . . Matter . | . . . . . . Time . | . . . . . . Total Part Build Rating . | . . . . . . Parts Repaired 3 | . 2 . 1 . . Time 84 | . 52 . 32 . . Parts Recycled . | . . . . . . Recycled Matter . | . . . . . . Retrieved Matter . | . . . . . . Retrieved Components 14 | . 2 . 12 . . Parts Scanalyzed 1 | . . . 1 . . Part Schematics Acquired 1 | . . . 1 . . Parts Damaged . | . . . . . . Bothacking | -11 -10 -10 -9 -9 -9 ------------ Run | Scr Mat Min Mat Min Exi Used RIF Installer . | . . . . . . Robots Hacked 4 | . . . . . 4 Non-combat 3 | . . . . . 3 Combat 1 | . . . . . 1 Robot Hacks Applied 4 | . . . . . 4 parse_system 4 | . . . . . 4 Relay Couplers Released . | . . . . . . Robots Rewired 1 | . 1 . . . . Allies Hacked . | . . . . . . Hacks Repelled . | . . . . . . Allies | -11 -10 -10 -9 -9 -9 -------- Run | Scr Mat Min Mat Min Exi Total Allies 4 | . 1 2 1 . . Largest Group 2 | . 1 2 1 1 1 Highest-Rated Group 48 | . 16 48 10 10 10 Highest-Rated Ally 31 | . 16 31 10 10 10 Total Orders 5 | . . . 2 2 1 STAY 3 | . . . 1 1 1 FOLLOW 2 | . . . 1 1 . Ally Attacks 12 | . 3 4 . . 5 Total Damage 387 | . 33 65 . . 289 Kills 3 | . 1 2 . . . Allies Corrupted 1 | . 1 . . . . Allies Melted . | . . . . . . Turrets Deployed 3 | . . . . . 3 Intel | -11 -10 -10 -9 -9 -9 ------- Run | Scr Mat Min Mat Min Exi Robot Analysis Total 5 | . 3 . 2 . . Derelict Logs Recovered 2 | . . 1 . 1 . Drone Launches . | . . . . . . Drone Recoveries . | . . . . . . Exploration | -11 -10 -10 -9 -9 -9 ------------- Run | Scr Mat Min Mat Min Exi Turns Passed 6677 | 131 1051 1051 2439 1022 983 Spaces Moved 3132 | 51 527 535 1036 547 436 Core 13 | 13 . . . . . Treads 3119 | 38 527 535 1036 547 436 Legs . | . . . . . . Wheels . | . . . . . . Hover . | . . . . . . Flight . | . . . . . . Fastest Speed 50 | 50 160 160 180 180 180 Average Speed 177 | 133 162 178 180 180 189 Slowest Speed 220 | 160 180 180 180 180 220 Overloaded Moves . | . . . . . . Propulsion Burnouts . | . . . . . . Robots Hopped 1 | . . . . . 1 Cave-ins Triggered . | . . . . . . Exploration Rate (%) 75 | 5 98 96 84 98 70 Regions Visited 5 Branch Regions 3 Pre-discovered Areas 2 | . . . . 1 1 Known Exits Taken 4 | . 1 1 1 1 . Unknown Exits Taken 1 | 1 . . . . . Scrap Searched 3 | . . 1 . 2 . Spaces Dug 23 | . 3 . 20 . . Terrain Destroyed 60 | 2 21 . 25 12 . Melee . | . . . . . . Projectile 31 | . 6 . 25 . . AOE 29 | 2 15 . . 12 . Terrain Rammed . | . . . . . . Walls Destroyed . | . . . . . . Machines Disabled . | . . . . . . Actions | -11 -10 -10 -9 -9 -9 --------- Run | Scr Mat Min Mat Min Exi Total 3745 | 81 654 583 1339 567 521 Wait 115 | . 34 3 63 8 7 Move 3125 | 50 526 534 1035 546 434 Hop 1 | . . . . . 1 Pick Up 66 | 7 21 5 18 . 15 Fast Attach 24 | 5 4 2 13 . . Attach 23 | 2 3 4 7 1 6 Detach 7 | . 3 1 1 1 1 Swap 50 | . 5 2 36 2 5 Drop 61 | . 8 5 38 . 10 Fire 256 | 17 37 27 128 9 38 Melee 4 | . . . . . 4 Ram . | . . . . . . Kick . | . . . . . . Crush . | . . . . . . Escape Stasis . | . . . . . . Rewire 13 | . 13 . . . . Trap . | . . . . . . Miscellaneous . | . . . . . . Route ------- -11/Scrapyard -10/Materials (discovered 4 exits: *Mat x3 / *Min) -10/Mines (discovered 2 exits: *Mat x2) -9/Materials (discovered 4 exits: *Mat x2 / *Min x2) -9/Mines (discovered 3 exits: *Mat x2 / *Exi) -9/Exiles (discovered 1 exit: [*Min]) History --------- Turn | Location | Event 15 | -11/Scrapyard | Discovered new exit (range 16) 132 | -11/Scrapyard | Entered Materials 301 | -10/Materials | Identified exit to Mines 302 | -10/Materials | Build established: Mutant 331 | -10/Materials | Discovered new exit (range 16) 556 | -10/Materials | Repaired Lgt. Treads 586 | -10/Materials | Repaired EM Pulse Gun 819 | -10/Materials | Discovered new exit (range 2) 844 | -10/Materials | Identified exit to Materials 936 | -10/Materials | Central database locked down 966 | -10/Materials | Discovered exit to Materials (range 10) 1183 | -10/Materials | Entered Mines 1428 | -10/Mines | Discovered exit to Materials (range 7) 1501 | -10/Mines | Found a damaged Exp. Sensor Array with a note attached 1506 | -10/Mines | Found Prototype Device 1740 | -10/Mines | Assembled infested the area 1766 | -10/Mines | Core integrity fell below 50% 1910 | -10/Mines | Core integrity fell below 20% 1984 | -10/Mines | Learned Materials terminal intel 2014 | -10/Mines | Discovered exit to Materials (range 5) 2145 | -10/Mines | Build established: Scavenger-Mutant 2234 | -10/Mines | Entered Materials 2234 | -9/Materials | Evolved 2 slots: Utility x2 2235 | -9/Materials | Loaded intel: 12 terminal locations 2270 | -9/Materials | Identified Exp. Sensor Array 2365 | -9/Materials | Discovered new exit (range 11) 2576 | -9/Materials | Discovered new exit (range 15) 2676 | -9/Materials | Repaired Med. Armor Plating 2873 | -9/Materials | Destroyed 8 combat bots 3226 | -9/Materials | Discovered new exit (range 11) 4065 | -9/Materials | Discovered new exit (range 14) 4126 | -9/Materials | Identified exit to Materials 4270 | -9/Materials | Identified exit to Mines 4270 | -9/Materials | Central database locked down 4491 | -9/Materials | Build established: Hauler-Mutant 4634 | -9/Materials | First assault squad dispatched 4673 | -9/Materials | Entered Mines 4673 | -9/Mines | Accompanied by 1 ally 4857 | -9/Mines | Deemed a non-threat by the Exiles lab entrance 4857 | -9/Mines | Discovered new exit (range 5) 4862 | -9/Mines | Identified exit to Exiles 5014 | -9/Mines | Learned location of Storage (-7) 5320 | -9/Mines | Discovered exit to Materials (range 14) 5444 | -9/Mines | Discovered exit to Materials (range 12) 5695 | -9/Mines | Entered Exiles 5695 | -9/Exiles | Accompanied by 1 ally 5740 | -9/Exiles | Met 8R-AWN 5775 | -9/Exiles | Met EX-HEX 5854 | -9/Exiles | Met EX-DEC 5905 | -9/Exiles | Learned location of Zion (-6) 6000 | -9/Exiles | Discovered new exit (range 10) 6127 | -9/Exiles | Met EX-BIN 6155 | -9/Exiles | Aligned with FarCom system 6156 | -9/Exiles | Given EX-Vault access code 6200 | -9/Exiles | Opened EX-Vault 6212 | -9/Exiles | Found Cloak of Protection 6217 | -9/Exiles | Found Deploy-a-Sentry 6220 | -9/Exiles | Found Deploy-a-Sentry 6223 | -9/Exiles | Found Deploy-a-Sentry 6228 | -9/Exiles | Found Latent Energy Streamer 6273 | -9/Exiles | Warned to stay clear of 0b10 Research branches 6286 | -9/Exiles | Exiles lab attacked by MAIN.C 6437 | -9/Exiles | DAS Turret deployed 6446 | -9/Exiles | Attacked by the Exiles 6450 | -9/Exiles | DAS Turret deployed 6452 | -9/Exiles | DAS Turret deployed 6464 | -9/Exiles | Core integrity fell below 50% 6518 | -9/Exiles | Lost 3 parts (3n) 6533 | -9/Exiles | Destroyed 8R-AWN 6644 | -9/Exiles | Core integrity fell below 20% 6678 | -9/Exiles | Destroyed by H-55 Commando with Gauss Rifle Last Messages --------------- 06525_ HV Slug penetrates Earth. 06528_ Extracted 10 matter. 06529_ Extracted 7 matter. 06530_ Penetrated by HV Slug. 06530_ 8R-AWN suffers critical hit. 06531_ Extracted 7 matter. 06533_ 8R-AWN destroyed. 06534_ Extracted 1 matter. 06540_ Acquired 6 matter. 06562_ Acquired Mining Laser. 06566_ Acquired Hcp. Matter Pod. 06569_ Acquired Lrg. Storage Unit. 06576_ Acquired 53 matter. 06620_ Machine disabled. 06632_ Imp. Ion Engine destroyed. 06640_ Machine disabled. 06651_ P-60 Hacker destroyed. 06656_ Acquired 50 matter. 06660_ Acquired Shock Rifle. 06677_ Penetrated by Slug. Map ----- +----------------------------------------------------+ | ##???????????????????????????????????????#""X" | | #???????????????????????????????????????#" | | #???????????????????????????????????????#" ## | | ###?????????????????????????????????????#""""""?# | | #??????????????????????????????????????#"###??# | | ##?????????????????????????????????????????????# | | #??????????????????????????????????????????????# | | ##????????????????????????????????????????????## | | #????????????#######?????????????????????????#" | | #######??????#!!! "#?????????????????????????#" | | #""##?????# "#?????????????????????????#" | | #?????# "#?????????????????????????#" | | " ##???## ""#?????????????#???????????#" | | " ##### ""#???????????? """????????#" | | ## ##" ""#????????????" """#???????## | | ?## #"" #??????????????" ?????????# | | ??#"## #?????????????"" ?????????# | | ??####### !##????????????"" "#????????# | | ????????### "#???????????? ""?????????# | | ??########" ###???????????" "?????????## | | ??# !!""""" ##??????????# #????????##" | | ??#! "### ######???### ###?######"" | | ??# "#?## """#####X# #"###""""""" | | ??# ##??#" """""" " "" | | ??# """"""###???#"# "" """ " | | ??##########?????#### @ " " | | ????????????????????### | | ??????????????????????### | | ????????????????????????## | | ?????????????????????????## % | | ??????????????????????????## | | ???????????????????????????#"" """ | | ??????????????????????????##" g p g #### | | ??????????????????????????#"" g ""##??? | | ?????????????????????????##""" bh """##???? | | ?????????????????????????#""" g """##????? | | ?????????????????????????#""" ""#?????? | | ?????????????????????????#"" ######## | | ?????????????????????????#""" ## # | | ?????????????????????????#"" | | ?????????????????????????##"" | | ??????????????????????????#"""" | | ??????????????????????????## | | ???????????????????????????#" " | | ???????????????????????????#"""" ""# | | ???????????????????????????#"" ""### | | ???????????????????????????#" """"##?? | | ????????????????????????????""" """#??# | | ????????????????????????????? ""##??# | | ?????????????????????????????"" """##???# | +----------------------------------------------------+ Best States ------------- Heat Dissipation 28 Energy Generation 12 Energy Capacity 265 Matter Stores 460 Matter Capacity 500 Sight Range 16 Robot Scan Range 30 Terrain Scan Density 10 Armor Coverage 375 Core Shielding 20 Evasion (%) 50 Armor Integrity Analysis 33 Recoil Reduction 2 Offensive Hacking 10 Item Schematics ----------------- Hcp. Storage Unit | -9/Materials | Hacked Exp. Sensor Array | -9/Materials | Scanalyzed Robot Schematics ------------------ None Fabricated ------------ Nothing Alien Tech Used ----------------- None Achievements -------------- None Challenges ------------ None Game ------ Seed ExperimentalMissileThruster Manual? 0 Play Time 00:44:54 Cumulative 186.9 hours Start 2021.01.07 @ 13:22:48 End 2021.01.07 @ 14:19:36 Sessions 1 Manual Loads 0 Difficulty Rogue Special Mode None Game No. 172 Rogue 172 Adventurer 0 Explorer 0 Win Type - Total 0 Types 0/0/0/0/0/0/0/0/0 Lore% 59 Gallery% 68 Achievement% 54 Wizard Run 0 Options --------- ASCII 0 Keyboard 1 Movement Numpad Keybinds 0 Fullscreen 1 Font 12/Terminus Map View 83x54 Tactical HUD 1 Map Filters NONE Filters NONE Steam 1 RUN: 0418dfc8-440e-4767-9a01-a0918037f0e1